 Dungeon Crawl Stone Soup version 0.15-a0-1230-gf41e293 (webtiles) character file.

74027 wanderscumming the Brawler (level 15, -7/101 (107) HPs)
             Began as a Troll Wizard on June 2, 2014.
             Was an Initiate of Gozag.
             Killed by divine providence
             ... invoked by a daeva
              (15 damage)
             ... on Level 1 of the Abyss on June 3, 2014.
             The game lasted 01:49:24 (18029 turns).

wanderscumming the Brawler (Troll Wizard)          Turns: 18029, Time: 01:49:34

HP  -7/101 (107) AC 27     Str 15      XL: 15   Next:  5%
MP   9/9         EV 14     Int 12      God: Gozag
Gold 125         SH 20     Dex 13 (14) Spells:  6 memorised,  5 levels left

rFire  . . .     SeeInvis .       - Unarmed
rCold  . . .     Rnd*Rage +     q - +1 pearl dragon armour
rNeg   + . .     rCorr    .     E - +0 shield {AC+3}
rPois  .         rRot     .     f - +1 hat
rElec  .         Spirit   .     D - +1 cloak
SustAb .         Warding  .     (gloves unavailable)
rMut   .         Rnd*Tele +     (boots unavailable)
Gourm  +                        T - amulet of faith {!P}
MR     +....                    Q - +6 ring of protection
                                r - +6 ring of protection

@: agile, very slightly contaminated, hasted, glowing, very quick, somewhat
resistant to hostile enchantments, very unstealthy
A: unfitting armour, claws 3, berserk 1, blurry vision 1, clumsy 2, deformed
body, deterioration 3, dopey 1, fast metabolism 3, frail 3, gourmand, low mp 3,
regeneration 2, saprovore 2, shaggy fur 1, teleportitis 1, tough skin 2, weak 2,
no device heal 1, forlorn
a: Potion Petition, Call Merchant, Bribe Branch, Renounce Religion


You were on level 1 of the Abyss.
You worshipped Gozag.
Gozag was noncommittal.
You were not hungry.

You visited 3 branches of the dungeon, and saw 19 of its levels.
You visited the Abyss 1 time.
You visited 1 bazaar.
You also visited: Sewer.

You collected 6358 gold pieces.
You spent 3091 gold pieces at shops.
You paid 3142 gold pieces to Gozag.


Innate Abilities, Weirdness & Mutations

You are too large for most types of armour.
You have claws for hands.
Your metabolism is lightning-fast.
You like to eat raw meat.
You heal very quickly.
You can eat rotten meat.
You are covered in fur (AC +1).
You have very tough skin (AC +2).
You tend to lose your temper in combat.
You are dopey. (Int -2)
[Your vision is a little blurry.]
[You are very clumsy. (Dex -4)]
[Armour fits poorly on your strangely shaped body.]
[Your body is rapidly deteriorating.]
[You are extremely frail (-30% HP).]
[Your magical capacity is extremely low (-30% MP).]
[Space occasionally distorts in your vicinity.]
[You are very weak. (Str -4)]
[Potions and wands are less effective at restoring your health.]
[You have difficulty communicating with the divine.]


   Skills:
 - Level 11.0 Fighting
 - Level 12.2 Dodging
 - Level 1.1 Stealth
 - Level 7.3 Shields
 + Level 16.0 Unarmed Combat
 - Level 2.0 Spellcasting
 - Level 0.6 Conjurations
 - Level 0.6 Summonings
 - Level 0.6 Translocations


You had 5 spell levels left.
You knew the following spells:

 Your Spells              Type           Power        Failure   Level  Hunger
a - Magic Dart            Conj           #...         99%         1    ##.....
e - Repel Missiles        Chrm/Air       #.....       100%        2    ###....
B - Blink                 Tloc           N/A          100%        2    ###....
C - Mephitic Cloud        Conj/Pois/Air  #.......     100%        3    ####...
V - Flight                Chrm/Air       #.........   100%        3    ####...
X - Call Imp              Summ           #.......     100%        2    ###....

Inventory:

Hand weapons
 w - a +9 blowgun
Missiles
 l - 44 stones
 F - 3 throwing nets {=f!d}
 W - 13 large rocks (quivered)
Armour
 f - a +1 hat (worn)
 q - a +1 pearl dragon armour (worn)
 D - a +1 cloak (worn)
 E - a +0 shield of protection (worn)
Magical devices
 c - a wand of disintegration (17)
 p - a wand of cold (1)
 y - a wand of digging (10)
 G - a wand of draining (10)
 R - a wand of digging (9)
 Z - a wand of fireball (1)
Scrolls
 g - a scroll of silence {unknown}
 h - 6 scrolls of fog
 t - 6 scrolls of remove curse
 u - 2 scrolls of recharging
 v - 3 scrolls of blinking {tele}
 C - 4 scrolls of magic mapping
 O - 2 scrolls of vulnerability
 U - a scroll of fear
Jewellery
 r - a +6 ring of protection (left claw)
 s - an uncursed ring of ice
 x - an uncursed amulet of resist mutation {unknown}
 B - an uncursed ring of protection from fire
 J - an uncursed amulet of guardian spirit {unknown}
 N - an uncursed ring of teleportation
 Q - a +6 ring of protection (right claw)
 T - an amulet of faith (around neck) {!P}
Potions
 i - 2 potions of brilliance
 j - 2 potions of restore abilities {unknown}
 m - 2 potions of magic
 A - 4 potions of might
 H - a potion of invisibility
 I - 3 potions of agility
 K - a potion of poison {unknown}
 L - 2 potions of cure mutation {unknown}
 P - a potion of confusion {unknown}
 S - 2 potions of mutation {unknown}
Miscellaneous
 a - a stone of tremors (inert)
Rods
 b - a +0 lightning rod (13/13)
   (You found it in a bazaar)

Dungeon Overview and Level Annotations

Branches:
Dungeon (15/15)            Temple (1/1) D:5             Orc (0/4) D:10
   Lair (0/8) D:8          Vaults (0/5) D:14         Depths (3/5) D:15

Altars:
Ashenzari
Cheibriados
Dithmenos
Elyvilon
Fedhas
Gozag
Kikubaaqudgha
Makhleb
Nemelex Xobeh
Okawaru
Qazlal
Sif Muna
Trog
Vehumet
Xom
Yredelemnul
Zin
The Shining One

Shops:
D:5 *[[%   D:9 (   D:11 (   D:12 (   D:15 %

Portals:
Hell: Depths:1 Depths:3
Pandemonium: Depths:3
Ziggurat: Depths:3

Annotations:
Depths:2 exclusions: door and 1 more exclusion

.. ..*3..
#.#. #**W#
#.#..*§3##
##.. §*.##
#....###*##
#...##A#.X#.#
.##.
#.E....##
#.#X##.##
###@# #.. ###
###


You could see a daeva, a tentacled starspawn, a large abomination and a friendly
earth elemental.


Message History

The mermaid disappears in a puff of smoke!
A hell hog comes into view.
A large abomination comes into view.
The wretched star pulses with an eldritch light!
You feel weirdly uncertain.
Your vision blurs.
You scratch the large abomination.
The large abomination is lightly damaged.
The large abomination hits you but does no damage.
A daeva comes into view.
It is wielding a blessed long sword of holy wrath.
You scratch the large abomination.
The large abomination is lightly damaged.
The large abomination hits you!
You scratch the large abomination.
The large abomination is lightly damaged.
A tentacle flies out from the starspawn's body!
The daeva calls down the wrath of the Shining One upon you.
Something smites you!
* * * LOW HITPOINT WARNING * * *
You block the large abomination's attack.
You claw the large abomination!
The large abomination is heavily damaged.
You mangle the large abomination!!
The large abomination is almost destroyed.
The large abomination hits you!!
* * * LOW HITPOINT WARNING * * *
The daeva calls down the wrath of the Shining One upon you.
Something smites you!
You die...
Your body crumbles into a pile of gold.

Action                   |  1- 3 |  4- 6 |  7- 9 | 10-12 | 13-15 || total
-------------------------+-------+-------+-------+-------+-------++-------
Melee: Unarmed           |   110 |   168 |   517 |  1502 |   959 ||  3256
 Fire: Sling             |       |       |     4 |       |       ||     4
Throw: Javelin           |     4 |     7 |     7 |    10 |     8 ||    36
       Large rock        |       |       |       |       |     5 ||     5
 Cast: Repel Missiles    |     1 |     1 |       |     1 |       ||     3
       Call Imp          |       |     5 |     5 |     4 |       ||    14
Invok: Potion Petition   |       |       |       |     2 |    12 ||    14
Evoke: Wand              |       |     1 |     1 |     8 |    26 ||    36
       Stone of tremors  |       |       |       |       |     1 ||     1
  Use: Scroll            |       |     6 |     2 |    24 |    12 ||    44
       Potion            |       |     2 |     2 |     8 |    17 ||    29
 Stab: Sleeping          |       |     1 |       |     3 |       ||     4
       Invisible         |       |       |       |     5 |     7 ||    12

Vault maps used:
D:1:      lightli_iron_boxes
D:4:      portal_sewer_entry_d, uniq_duvessa
D:5:      temple_pool_b, first_bread, serial_shops, shop, shop, shop, shop,
          minivault_27
D:6:      uniq_blork_the_orc
D:7:      kennysheep_housing_project, grunt_temple_overflow_opulence,
          okawaru_metal_pillars_3, minmay_overflow_temple_star_quad
D:8:      grunt_lair_entry_elf_guard_hut, hangedman_little_slice_of_home,
          uniq_prince_ribbit1
D:9:      hangedman_screamer, serial_shops, kennysheep_little_box, uniq_psyche
D:10:     lemuel_insect_pit
D:11:     serial_shops, nicolae_shop_statue_plus
D:12:     serial_shops, kennysheep_mini, fedhas_altar_2
D:14:     david_vaults_1
D:15:     hangedman_depths_entry_try_elsewhere_first, grunt_decor_mini_mirrors,
          serial_shops, nicolae_shop_competitors_out_of_business, basic_altar,
          grunt_gozag_statues, uniq_josephine, uniq_louise
Temple:   oiseaux_autumnal_temple_12
Bazaar:   bazaar_mystics
Sewer:    sewer_the_crocodile
Depths:1: serial_shops, bzr_entry_safe, eino_curves_02, grunt_hell_horde,
          nrook_uturn, minmay_misc_feat_five, bh_walls_and_bars
Depths:2: box_level_dp, hell_entry
Depths:3: minmay_connected_boxes_in_corner, enter_ziggurat_e, pan_entry,
          hell_entry, minmay_misc_feat_iff, minmay_staircase_bubble

Notes
Turn   | Place    | Note
--------------------------------------------------------------
     0 | D:1      | wanderscumming, the Troll Wizard, began the quest for the Orb.
     0 | D:1      | Reached XP level 1. HP: 16/16 MP: 3/3
    53 | D:1      | Reached skill level 1 in Unarmed Combat
   168 | D:1      | Reached XP level 2. HP: 15/24 MP: 3/3
   315 | D:1      | Reached skill level 2 in Unarmed Combat
   749 | D:2      | Reached XP level 3. HP: 25/31 MP: 5/5
   753 | D:2      | Learned a level 2 spell: Repel Missiles
   929 | D:3      | Reached skill level 3 in Unarmed Combat
   939 | D:3      | Reached skill level 4 in Unarmed Combat
   939 | D:3      | Reached XP level 4. HP: 35/39 MP: 5/5
  1341 | D:3      | Reached XP level 5. HP: 45/45 MP: 6/6
  1661 | D:4      | Reached skill level 5 in Unarmed Combat
  1671 | D:4      | Noticed a two-headed ogre
  1697 | D:3      | Learned a level 2 spell: Blink
  1700 | D:3      | Learned a level 2 spell: Call Imp
  1715 | D:4      | Killed a two-headed ogre
  1715 | D:4      | Reached skill level 2 in Fighting
  1715 | D:4      | Reached XP level 6. HP: 53/59 MP: 3/7
  1784 | D:4      | Noticed Dowan
  1801 | D:4      | Killed Dowan
  1929 | D:4      | Reached skill level 3 in Fighting
  2076 | D:4      | Found a glowing drain.
  2091 | Sewer    | Entered a sewer
  2157 | Sewer    | Noticed l0ser140's ghost (average KoEn)
  2192 | Sewer    | Reached skill level 4 in Fighting
  2192 | Sewer    | Reached XP level 7. HP: 45/70 MP: 2/8
  2202 | Sewer    | Killed l0ser140's ghost
  2658 | D:4      | Noticed Duvessa
  2669 | D:4      | Killed Duvessa
  2669 | D:4      | Reached skill level 5 in Fighting
  2852 | D:5      | Entered Level 5 of the Dungeon
  2852 | D:5      | Found Ufitwips' Food Boutique.
  2852 | D:5      | Found Hezxiaj's Antique Armour Shop.
  2852 | D:5      | Found Zovieg's Armour Emporium.
  2953 | D:5      | Learned a level 3 spell: Mephitic Cloud
  2986 | D:5      | Reached skill level 6 in Fighting
  2986 | D:5      | Reached XP level 8. HP: 79/83 MP: 8/8
  3140 | D:5      | Found a staircase to the Ecumenical Temple.
  3149 | Temple   | Entered the Ecumenical Temple
  3481 | D:5      | Found Ankissub's Assorted Antiques.
  3657 | D:5      | Reached skill level 7 in Fighting
  3706 | D:6      | Noticed VictorG's ghost (experienced VSIE)
  3734 | D:6      | Killed VictorG's ghost
  3734 | D:6      | Reached skill level 8 in Fighting
  4005 | D:6      | Reached skill level 6 in Unarmed Combat
  4082 | D:6      | Noticed Blork the orc
  4109 | D:6      | Reached XP level 9. HP: 73/96 MP: 4/9
  4120 | D:6      | Killed Blork the orc
  4120 | D:6      | Reached skill level 2 in Dodging
  4396 | D:7      | Found a sparkling altar of Nemelex Xobeh.
  4396 | D:7      | Found an opulent altar of Gozag.
  4405 | D:7      | Became a worshipper of Gozag Ym Sagoz the Greedy
  4409 | D:7      | Identified a +6 ring of protection (duplicated by Gozag)
  4525 | D:7      | Reached skill level 3 in Dodging
  4590 | D:7      | Reached skill level 4 in Dodging
  4659 | D:7      | Found an iron altar of Okawaru.
  4873 | D:7      | Reached skill level 5 in Dodging
  5051 | D:7      | Reached skill level 6 in Dodging
  5300 | D:7      | Reached skill level 7 in Dodging
  5586 | D:7      | Found a burning altar of Makhleb.
  5591 | D:7      | Found a shattered altar of Ashenzari.
  5600 | D:7      | Found a radiant altar of Vehumet.
  5637 | D:7      | Reached XP level 10. HP: 104/104 MP: 10/10
  5731 | D:5      | Bought a +0 shield of protection for 149 gold pieces
  5736 | D:5      | Bought a cloak for 103 gold pieces
  5933 | D:8      | Reached skill level 1 in Shields
  5983 | D:8      | Noticed Prince Ribbit
  6004 | D:8      | Reached skill level 2 in Shields
  6040 | D:8      | Killed Prince Ribbit
  6040 | D:8      | Reached skill level 3 in Shields
  6244 | D:8      | Reached skill level 4 in Shields
  6505 | D:8      | Found a staircase to the Lair.
  6709 | D:9      | Noticed a necromancer
  6732 | D:9      | Killed a necromancer
  6732 | D:9      | Reached skill level 5 in Shields
  6764 | D:9      | Reached skill level 6 in Shields
  6944 | D:9      | Reached skill level 7 in Unarmed Combat
  7023 | D:9      | Noticed Psyche
  7038 | D:9      | Noticed Psyche
  7038 | D:9      | Psyche changed into Psyche the spider
  7044 | D:9      | Killed Psyche the spider
  7259 | D:9      | Reached XP level 11. HP: 92/111 MP: 10/10
  7316 | D:9      | Found Bavuz's Antique Weapon Shop.
  7418 | D:10     | Entered Level 10 of the Dungeon
  7456 | D:10     | Noticed ThirdFlower's ghost (powerful DECj)
  7482 | D:10     | Reached skill level 8 in Unarmed Combat
  7515 | D:10     | Killed ThirdFlower's ghost
  7646 | D:10     | Reached skill level 9 in Unarmed Combat
  7736 | D:10     | Found a staircase to the Orcish Mines.
  8288 | D:10     | Noticed a hill giant
  8300 | D:10     | Killed a hill giant
  8440 | D:10     | Reached skill level 8 in Dodging
  8816 | D:11     | Reached skill level 9 in Dodging
  8977 | D:11     | Found Klogef's Antique Weapon Shoppe.
  9455 | D:12     | Reached skill level 10 in Dodging
  9547 | D:12     | Reached XP level 12. HP: 119/119 MP: 12/12
  9945 | D:12     | Found a blossoming altar of Fedhas.
 10150 | D:12     | Reached skill level 11 in Dodging
 10461 | D:12     | Found Gruinaomm's Weapon Shop.
 11062 | D:14     | Reached skill level 12 in Dodging
 11136 | D:13     | Learned a level 3 spell: Flight
 11483 | D:14     | Reached skill level 9 in Fighting
 11760 | D:14     | Found a gate to the Vaults.
 11852 | D:14     | Reached XP level 13. HP: 118/131 MP: 12/12
 11898 | D:14     | boggarts are still retarded
 12158 | D:15     | Entered Level 15 of the Dungeon
 12243 | D:15     | Noticed Louise
 12245 | D:15     | apparently all unique names are shit now
 12271 | D:15     | Killed Louise
 12271 | D:15     | Reached skill level 10 in Fighting
 12340 | D:15     | Noticed Josephine
 12368 | D:15     | Killed Josephine
 12788 | D:15     | Found Smicwail's Food Shop.
 12881 | D:15     | Reached skill level 11 in Fighting
 12959 | D:15     | Found a basalt altar of Yredelemnul.
 13013 | D:15     | Reached skill level 10 in Unarmed Combat
 13031 | D:15     | Noticed a dire elephant
 13140 | D:15     | Killed a dire elephant
 13246 | D:15     | Found an opulent altar of Gozag.
 13278 | D:15     | Got an ichor-stained long sword
 13291 | D:15     | Found a staircase to the Depths.
 13485 | D:15     | Reached skill level 11 in Unarmed Combat
 13688 | Depths:1 | Entered Level 1 of the Depths
 13950 | Depths:1 | Found a flickering gateway to a bazaar.
 14086 | Depths:1 | Reached skill level 12 in Unarmed Combat
 14095 | Bazaar   | Entered a bazaar
 14100 | Bazaar   | Found Hunavaude's Jewellery Shop.
 14100 | Bazaar   | Found Kioc's Magic Scroll Boutique.
 14124 | Bazaar   | Bought a scroll of enchant armour for 97 gold pieces
 14124 | Bazaar   | Bought a scroll of magic mapping for 45 gold pieces
 14124 | Bazaar   | Bought 2 scrolls of fog for 52 gold pieces
 14124 | Bazaar   | Bought a scroll of identify for 26 gold pieces
 14242 | Depths:1 | Noticed a dire elephant
 14274 | Depths:1 | Killed a dire elephant
 14508 | Depths:1 | Identified a scroll of acquirement
 14567 | Depths:1 | Reached XP level 14. HP: 116/140 MP: 13/13
 14904 | D:5      | Bought a potion of heal wounds for 87 gold pieces
 14904 | D:5      | Bought 2 potions of curing for 116 gold pieces
 14904 | D:5      | Bought a scroll of fog for 58 gold pieces
 14904 | D:5      | Bought a scroll of fog for 58 gold pieces
 14933 | D:5      | Bought a pearl dragon armour for 2300 gold pieces
 14947 | D:5      | bloax fucking ruined armours, too
 14947 | D:5      | thanks bloax
 15209 | Depths:1 | tabstorm: You missed old new PDA
 15219 | Depths:1 | tabstorm: it looked like a naked ches
 15233 | Depths:1 | Found a gateway to Hell.
 15246 | Depths:1 | wanderscumming: hey, game crashed when the hog sticky'd me
 15246 | Depths:1 | wanderscumming: missed what you said
 15253 | Depths:1 | Reached skill level 7 in Shields
 15424 | Depths:1 | Noticed an emperor scorpion
 15429 | Depths:1 | tabstorm: oh
 15438 | Depths:1 | tabstorm: you were complaining about PDA
 15443 | Depths:1 | tabstorm: but you missed
 15448 | Depths:1 | tabstorm: old new PDA
 15450 | Depths:1 | tabstorm: that looked like naked flesh
 15454 | Depths:1 | tabstorm: if you think this is bad
 15465 | Depths:1 | Killed an emperor scorpion
 15503 | Depths:1 | wanderscumming: dang
 15503 | Depths:1 | wanderscumming: worse than this
 15503 | Depths:1 | tabstorm: yea
 15503 | Depths:1 | wanderscumming: I'll take your word for it
 15503 | Depths:1 | tabstorm: then i was like SOMEONE PLS FIX
 15503 | Depths:1 | tabstorm: so they changed it
 15503 | Depths:1 | wanderscumming: I mean this looks a bit out of place
 15503 | Depths:1 | tabstorm: the old dragon armours looked cooler though
 15503 | Depths:1 | wanderscumming: even for crawl player tiles
 15503 | Depths:1 | tabstorm: these just look
 15514 | Depths:1 | tabstorm: blah
 15514 | Depths:1 | wanderscumming: word
 16043 | Depths:1 | Reached skill level 13 in Unarmed Combat
 16259 | Depths:2 | wanderscumming: christ
 16266 | Depths:2 | tabstorm: it's time
 16266 | Depths:2 | tabstorm: ...to skip to depths 3
 16266 | Depths:2 | wanderscumming: idd
 16290 | Depths:3 | Found a one-way gate leading to the halls of Pandemonium.
 16304 | Depths:3 | wanderscumming: !exp not even guaranteed anymore iirc
 16304 | Depths:3 | wanderscumming: as if the vault wasn't awkward enough
 16314 | Depths:3 | Found a gateway to a ziggurat.
 16316 | Depths:3 | Noticed a fire giant
 16341 | Depths:3 | Killed a fire giant
 16477 | Depths:3 | tabstorm: when was xp ever guaranteed in that vault
 16485 | Depths:3 | tabstorm: mustve been before i started
 16588 | Depths:3 | wanderscumming: nah it's a recent change
 16588 | Depths:3 | wanderscumming: there was always an unID'd !exp
 16588 | Depths:3 | wanderscumming: in the room with plants
 16692 | Depths:3 | Noticed a frost giant
 16707 | Depths:3 | Killed a frost giant
 16806 | Depths:3 | wanderscumming: agil and ligni
 16806 | Depths:3 | wanderscumming: thx
 16825 | Depths:3 | Reached skill level 14 in Unarmed Combat
 16852 | Depths:3 | tabstorm: potion of tomb:3
 17334 | Depths:3 | Noticed a frost giant
 17352 | Depths:3 | Killed a frost giant
 17354 | Depths:3 | Cast into the Abyss (wizard)
 17377 | Abyss:1  | tabstorm: i was just about to say: pls no getting abyssed
 17444 | Abyss:1  | Reached skill level 15 in Unarmed Combat
 17548 | Abyss:1  | wanderscumming: yeah well
 17548 | Abyss:1  | wanderscumming: good luck with that
 17565 | Abyss:1  | tabstorm: such is life with troll MR in depths
 17599 | Abyss:1  | Gained mutation: You are dopey. (Int -2) [a neqoxec]
 17678 | Abyss:1  | Noticed a tentacled starspawn
 17684 | Abyss:1  | wanderscumming: dang
 17684 | Abyss:1  | tabstorm: dang
 17684 | Abyss:1  | tabstorm: good mutations
 17684 | Abyss:1  | tabstorm: Troll, 14 str
 17703 | Abyss:1  | Killed a tentacled starspawn
 17739 | Abyss:1  | wanderscumming: hm
 17739 | Abyss:1  | tabstorm: living lightning?
 17739 | Abyss:1  | tabstorm: what..
 17739 | Abyss:1  | tabstorm: is that part of a raiju bolt
 17742 | Abyss:1  | wanderscumming: yeah
 17742 | Abyss:1  | wanderscumming: also what is this shit about atificial healing
 17742 | Abyss:1  | wanderscumming: they didn't make VS' nopotions into an actual mutation right
 17742 | Abyss:1  | wanderscumming: surely they wouldn't do that
 17742 | Abyss:1  | wanderscumming: as that would be stupid
 17754 | Abyss:1  | tabstorm: It is indeed an acutal mutation
 17763 | Abyss:1  | tabstorm: As is: slowed piety gain
 17786 | Abyss:1  | wanderscumming: wow
 17786 | Abyss:1  | tabstorm: blame reaverb
 17786 | Abyss:1  | tabstorm: for both
 17786 | Abyss:1  | wanderscumming: ...
 17786 | Abyss:1  | wanderscumming: of course
 17786 | Abyss:1  | wanderscumming: christ why can't things just be nice
 17787 | Abyss:1  | tabstorm: yes, developers with 1 win can add content freely
 17794 | Abyss:1  | tabstorm: lol
 17837 | Abyss:1  | tabstorm: Reminder that DracoOmega has one (1) win
 17944 | Abyss:1  | Noticed a bone dragon
 17944 | Abyss:1  | Gained mutation: You tend to lose your temper in combat. [a neqoxec]
 17982 | Abyss:1  | tabstorm: also: reaver wants food to be gold-like
 17985 | Abyss:1  | Killed a bone dragon
 17985 | Abyss:1  | Reached skill level 16 in Unarmed Combat
 17985 | Abyss:1  | Reached XP level 15. HP: 42/116 MP: 11/11
 17986 | Abyss:1  | tabstorm: s.t. you basically autoeat
 17988 | Abyss:1  | tabstorm: oh look you got another reaver mut!
 17988 | Abyss:1  | wanderscumming: this is not okay
 17988 | Abyss:1  | tabstorm: lol
 17988 | Abyss:1  | tabstorm: I don't really care about it but it is kinda unique to vine stalkers
 17988 | Abyss:1  | wanderscumming: crawl is enough of a mess with people whose area of expertise is adding parenthesis to contribute
 17988 | Abyss:1  | tabstorm: Yes
 17988 | Abyss:1  | tabstorm: This is my sentiments on him being a "dev"
 17988 | Abyss:1  | tabstorm: as well
 17988 | Abyss:1  | wanderscumming: now that I'm thinking about it
 17988 | Abyss:1  | tabstorm: One (1) win
 17988 | Abyss:1  | wanderscumming: he was the same guy who casually added manabite to the random mut list
 17988 | Abyss:1  | wanderscumming: I assume without looking at what it does
 17988 | Abyss:1  | tabstorm: huh
 17988 | Abyss:1  | wanderscumming: because if he did know how it works then it's plain insanity
 17988 | Abyss:1  | tabstorm: mana bite is a mut that you can get now?
 17988 | Abyss:1  | wanderscumming: grunt reverted it like an hour later
 17988 | Abyss:1  | tabstorm: i wasnt aware
 17988 | Abyss:1  | tabstorm: o
 17988 | Abyss:1  | tabstorm: well
 17988 | Abyss:1  | tabstorm: reaverb has no idea how the game works lol
 17988 | Abyss:1  | wanderscumming: and nopotions is part of the package
 17988 | Abyss:1  | tabstorm: mana bite without vine stalker draw backs is
 17988 | Abyss:1  | tabstorm: well, it's very godo
 17988 | Abyss:1  | tabstorm: good*
 17988 | Abyss:1  | tabstorm: It kind of annoys me that we now have a lot of muts that really fucking suck
 17988 | Abyss:1  | tabstorm: and most of the good ones are either not really good
 17988 | Abyss:1  | tabstorm: or just "eh, well.."
 17988 | Abyss:1  | wanderscumming: I don't really get why one would add something like this after slow was removed from randmuts, basically
 17988 | Abyss:1  | tabstorm: well
 17988 | Abyss:1  | tabstorm: which one, the piety one, the pot one, or both?
 17988 | Abyss:1  | wanderscumming: pot
 17988 | Abyss:1  | wanderscumming: piety is pretty stupid also
 17988 | Abyss:1  | wanderscumming: but for different reasons
 17988 | Abyss:1  | tabstorm: well, it's not so crippling like slow
 17988 | Abyss:1  | wanderscumming: "it's been tossed around a lot for a species idea so let's make it a random mut"
 17988 | Abyss:1  | tabstorm: because: why not
 17988 | Abyss:1  | wanderscumming: best part is it already exists as an innate for all species
 17988 | Abyss:1  | tabstorm: reaver gonna reave
 17988 | Abyss:1  | wanderscumming: based on regen rate
 17988 | Abyss:1  | wanderscumming: but nope
 17988 | Abyss:1  | tabstorm: what does
 17988 | Abyss:1  | wanderscumming: sigh
 17988 | Abyss:1  | tabstorm: piety decay?
 17988 | Abyss:1  | wanderscumming: yeah
 17988 | Abyss:1  | tabstorm: i was not aware it was tied to regen reta
 17988 | Abyss:1  | tabstorm: rate(
 17988 | Abyss:1  | tabstorm: though it was just
 17988 | Abyss:1  | wanderscumming: well it isn't
 17988 | Abyss:1  | tabstorm: even n turns or so
 17988 | Abyss:1  | wanderscumming: but if you regen faster you leak less piety
 17988 | Abyss:1  | tabstorm: I guess this is true, but: it's not ever really a consideration
 17988 | Abyss:1  | wanderscumming: also factors in how often you get beaten up
 17988 | Abyss:1  | tabstorm: except
 17988 | Abyss:1  | tabstorm: with mummies maybe
 17988 | Abyss:1  | wanderscumming: and it's more elegant than catching atheism because a neqo looked at you
 17988 | Abyss:1  | tabstorm: When the neqo mutates you, a small fedora grows on your head
 17988 | Abyss:1  | tabstorm: it gives no AC, though..
 17989 | Abyss:1  | tabstorm: well, maybe it will get remove if you complain about it
 17999 | Abyss:1  | Noticed a tentacled starspawn
 18013 | Abyss:1  | tabstorm: I think Crawl needs to have content-devs and code-devs
 18014 | Abyss:1  | wanderscumming: oh
 18014 | Abyss:1  | wanderscumming: I thought tremors was noisy
 18014 | Abyss:1  | wanderscumming: oh well
 18023 | Abyss:1  | Noticed a daeva
 18029 | Abyss:1  | HP: 8/101 [large abomination (24)]
 18029 | Abyss:1  | Killed from afar by a daeva

Vanquished Creatures
  A bone dragon (Abyss:1)
  A tentacled starspawn (Abyss:1)
  A fire giant (Depths:3)
  2 frost giants (Depths:3)
  Louise (D:15)
  An emperor scorpion (Depths:1)
  3 rakshasas
  3 stone giants
  3 dire elephants
  An ettin (Depths:3)
  A yaktaur captain (Depths:3)
  A green death (Abyss:1)
  Josephine (D:15)
  A fire dragon (Depths:1)
  A great orb of eyes (Depths:3)
  4 ice dragons
  2 hydras (D:15)
  A dancing weapon (Abyss:1)
  A vampire mage (Abyss:1)
  4 centaur warriors
  2 hell hogs (Depths:1)
  The ghost of ThirdFlower the Thaumaturge, a powerful DECj of Vehumet (D:10)
  3 very ugly things (Depths:1)
  A wretched star (Abyss:1)
  2 large abominations (Abyss:1)
  A deep elf summoner (Depths:3)
  A hill giant (shapeshifter) (D:14)
  A wolf spider zombie (D:14)
  An orc knight (D:12)
  2 cyclopes
  2 necromancers
  An iron dragon zombie (Depths:1)
  3 hill giants
  The ghost of VictorG the Chiller, an experienced VSIE (D:6)
  4 manticores
  A wolf spider (D:15)
  A griffon (D:14)
  A phantasmal warrior (Abyss:1)
  A stone giant skeleton (Depths:1)
  A worldbinder (Abyss:1)
  A gargoyle (D:10)
  A kobold demonologist (D:12)
  4 yaktaurs (Depths:1)
  2 tengu conjurers
  2 ancient zymes (Abyss:1)
  4 trolls
  A freezing wraith (D:15)
  A hydra zombie (D:15)
  A centaur skeleton (D:11)
  A harpy skeleton (D:15)
  A baby alligator (shapeshifter) (Depths:3)
  Prince Ribbit (D:8)
  5 raiju (Abyss:1)
  2 deep elf magi
  A spriggan zombie (Depths:1)
  14 slime creatures
  A griffon zombie (D:14)
  2 ravens (D:13)
  2 two-headed ogres
  A trapdoor spider zombie (D:11)
  3 flying skulls
  A wraith (D:15)
  3 starcursed masses (Abyss:1)
  2 shadows
  2 wyverns
  2 hungry ghosts
  A tarantella (shapeshifter) (Depths:3)
  A vampire (D:14)
  A hill giant zombie (D:9)
  16 yaks
  A deep elf fighter (D:8)
  14 ugly things
  A steam dragon (D:15)
  3 hippogriffs
  2 neqoxecs (Abyss:1)
  2 hill giant skeletons (D:14)
  2 mottled dragons
  2 vampire mosquitoes (D:12)
  A warg (D:12)
  A centaur simulacrum (D:15)
  5 phantoms
  A spider (D:9)
  3 small abominations (Abyss:1)
  6 ice beasts
  2 black bears (D:12)
  8 hell hounds (Depths:1)
  3 necrophages
  7 sky beasts
  3 boggarts (D:14)
  A manticore zombie (D:9)
  7 ogres
  17 centaurs
  A crocodile (Sewer)
  6 orc warriors
  Duvessa (D:4)
  Blork the orc (D:6)
  A yaktaur skeleton (D:15)
  3 big kobolds
  A wyvern skeleton (D:9)
  5 gnoll sergeants (D:7)
  A water moccasin zombie (D:9)
  6 giant frogs
  20 wights
  2 cyclops skeletons
  28 killer bees
  2 eyes of draining (D:13)
  A troll zombie (D:9)
  4 scorpions
  A hippogriff zombie (D:9)
  A troll skeleton (D:9)
  A yak skeleton (D:9)
  A hippogriff skeleton (D:9)
  6 crimson imps
  9 goliath beetles
  2 centaur zombies
  Dowan (D:4)
  13 orc priests
  7 hounds
  4 jellies
  A two-headed ogre skeleton (D:9)
  14 orc wizards
  9 worker ants
  4 iguanas
  A big fish (D:4)
  A killer bee zombie (D:9)
  A mottled dragon zombie (D:9)
  2 hound zombies (D:9)
  A big kobold skeleton (D:8)
  2 mummies
  A worker ant zombie (D:9)
  9 adders
  18 gnolls
  A green rat (D:8)
  2 shadow imps
  2 white imps (Abyss:1)
  2 giant mites
  3 worms
  2 ufetubi (Abyss:1)
  An adder zombie (D:7)
  5 orc skeletons
  2 orc zombies
  An iguana skeleton (D:5)
  7 oozes
  44 orcs
  5 giant cockroaches
  21 hobgoblins
  14 jackals
  40 kobolds
  8 quokkas
  20 bats
  5 giant geckos
  4 giant newts
  5 goblins
  2 hobgoblin skeletons (D:9)
  A quokka skeleton (D:9)
  22 rats
  A butterfly (D:10)
  2 plants (D:7)
  3 starspawn tentacles (Abyss:1)
655 creatures vanquished.

Vanquished Creatures (collateral kills)
  The ghost of l0ser140 the Sneak, an average KoEn (Sewer)
  An orc wizard (D:4)
2 creatures vanquished.

Vanquished Creatures (others)
  A centaur warrior (D:15)
  5 crimson imps
  An orc priest (D:7)
  An ufetubus (Abyss:1)
  2 orcs
  6 starspawn tentacles (Abyss:1)
  255 starspawn tentacle segments (Abyss:1)
271 creatures vanquished.

Grand Total: 928 creatures vanquished
